3A
YUCCA VALLEY YELLOWS @ KINGSTON MANGOS
06/23/2042
 
TOP OF THE 1ST
Yucca Valley Yellows batting - Pitching for Kingston Mangos : RHP Jorge Bigro
Pitching: RHP Jorge Bigro
Batting: LHB Reginald James 0-0: Swinging Strike
0-1: Foul Ball, location: 2F
0-2: Ball
1-2: Ball
2-2: Ball
3-2: Foul Ball, location: 2F
3-2: Foul Ball, location: 2F
3-2: Fly out, F7 (Flyball, 7S, EV 82.5 MPH)
Batting: RHB Jochen Nelis 0-0: Called Strike
0-1: Ball
1-1: Ball
2-1: Fly out, F8 (Line Drive, 8LD, EV 91.2 MPH)
Batting: LHB Tony San Pedro 0-0: Foul Ball, location: 2F
0-1: Ball
1-1: Foul Ball, location: 2F
1-2: Ball
2-2: Foul Ball, location: 2F
2-2: Fly out, F7 (Flyball, 7, EV 86.2 MPH)
Top of the 1st over - 0 runs, 0 hits, 0 errors, 0 left on base; Yucca Valley 0 - Kingston 0
BOTTOM OF THE 1ST
Kingston Mangos batting - Pitching for Yucca Valley Yellows : RHP George Crane
Pitching: RHP George Crane
Batting: RHB George Lewis 0-0: Ball
1-0: Ball
2-0: Called Strike
2-1: Bunted foul
2-2: Foul Ball, location: 2F
2-2: Ball
3-2: Base on Balls
Batting: RHB Banu Judham 0-0: Ball
1-0: SINGLE (Groundball, 4D, EV 110.0 MPH)
George Lewis to second
Runner from 2nd tries for 3rd, OUT! 8-5
Batting: LHB Jose Asuncion 0-0: Ball
1-0: Ball
Passed Ball!
Banu Judham to second
2-0: Ball
3-0: Called Strike
3-1: Swinging Strike
3-2: Foul Ball, location: 2F
3-2: Strikes out swinging
Batting: SHB Miguel Lajara 0-0: Ball
1-0: Ground out U3 (Groundball, 3, EV 100.6 MPH)
Bottom of the 1st over - 0 runs, 1 hit, 0 errors, 1 left on base; Yucca Valley 0 - Kingston 0
TOP OF THE 2ND
Yucca Valley Yellows batting - Pitching for Kingston Mangos : RHP Jorge Bigro
Batting: LHB Dan Knight 0-0: Ball
1-0: Called Strike
1-1: Ball
2-1: Ball
3-1: Base on Balls
Batting: RHB Eric Compton 0-0: Called Strike
0-1: Ball
1-1: Ball
2-1: Swinging Strike
2-2: Strikes out swinging
Batting: RHB John Gaudet 0-0: Foul Ball, location: 2F
0-1: Swinging Strike
0-2: Ball
1-2: Ball
2-2: Ball
Wild Pitch!
Dan Knight to second
3-2: Strikes out looking
Batting: RHB Denny Wolfe 0-0: Ball
1-0: Called Strike
1-1: Foul Ball, location: 2F
1-2: Reached on error, E1 (Groundball, 15S, EV 66.2 MPH)
Dan Knight to third
Batting: RHB Dave Reynolds 0-0: Ball
1-0: Swinging Strike
1-1: Ball
2-1: Ball
3-1: Foul Ball, location: 2F
3-2: Base on Balls
Denny Wolfe to second
Batting: RHB Alfonso Ramos 0-0: Ball
1-0: Ball
2-0: Ball
3-0: Base on Balls
Dan Knight scores
Denny Wolfe to third
Dave Reynolds to second
Batting: LHB Reginald James 0-0: Called Strike
0-1: Ball
1-1: Swinging Strike
1-2: Strikes out swinging
Top of the 2nd over - 1 run, 0 hits, 1 error, 3 left on base; Yucca Valley 1 - Kingston 0
BOTTOM OF THE 2ND
Kingston Mangos batting - Pitching for Yucca Valley Yellows : RHP George Crane
Batting: RHB Jorge Miralles 0-0: Ball
1-0: Ball
2-0: Reached on error, E6 (Groundball, 6, EV 82.5 MPH)
Batting: LHB Dong-min Ch'oe 0-0: Called Strike
0-1: Ball
1-1: Swinging Strike
1-2: SINGLE (Groundball, 6MD, EV 107.5 MPH)
Jorge Miralles to second
Runner from 2nd tries for 3rd, SAFE, no throw by CF
Batting: RHB Harald Tijl 0-0: Ball
1-0: Called Strike
1-1: Swinging Strike
1-2: Foul Ball, location: 2F
1-2: Fly out, F8 (Flyball, 8LD, EV 109.4 MPH)
Runner from 3rd tags up, SCORES, throw by CF
Batting: LHB Rodger Parsons 0-0: SINGLE (Groundball, 34D, EV 96.9 MPH)
Dong-min Ch'oe to second
Runner from 2nd tries for 3rd, SAFE, throw by RF made to third
Batting: LHB Sergio Rivera 0-0: 3-RUN HOME RUN (Flyball, 7LD, EV 110.6 MPH), Distance : 350 ft
Batting: RHB George Lewis 0-0: Called Strike
0-1: Ball
1-1: Ball
2-1: Foul Ball, location: 2F
2-2: Foul Ball, location: 2F
2-2: SOLO HOME RUN (Flyball, 7D, EV 110.0 MPH), Distance : 410 ft
Batting: RHB Banu Judham 0-0: Swinging Strike
0-1: Ball
1-1: Called Strike
1-2: Strikes out looking
Batting: LHB Jose Asuncion 0-0: Ball
1-0: Ball
2-0: Ball
3-0: Called Strike
3-1: Base on Balls
Batting: SHB Miguel Lajara 0-0: Called Strike
0-1: DOUBLE (Line Drive, 78D, EV 100.6 MPH)
Jose Asuncion to third
Runner from 3rd tries for Home, SAFE, throw by LF to trailing runner, OUT at third! 7-6-5
Bottom of the 2nd over - 6 runs, 5 hits, 1 error, 0 left on base; Yucca Valley 1 - Kingston 6
TOP OF THE 3RD
Yucca Valley Yellows batting - Pitching for Kingston Mangos : RHP Jorge Bigro
Batting: RHB Jochen Nelis 0-0: Called Strike
0-1: Ball
1-1: Foul Ball, location: 2F
1-2: Strikes out swinging
Batting: LHB Tony San Pedro 0-0: Swinging Strike
0-1: Fly out, F8 (Flyball, 8RD, EV 104.4 MPH)
Batting: LHB Dan Knight 0-0: Called Strike
0-1: Called Strike
0-2: Ball
1-2: Strikes out looking
Top of the 3rd over - 0 runs, 0 hits, 0 errors, 0 left on base; Yucca Valley 1 - Kingston 6
BOTTOM OF THE 3RD
Kingston Mangos batting - Pitching for Yucca Valley Yellows : RHP George Crane
Batting: RHB Jorge Miralles 0-0: Ball
1-0: Called Strike
1-1: Ball
2-1: Ball
3-1: Called Strike
3-2: Base on Balls
Pitching: RHP Dave Newman
Batting: LHB Dong-min Ch'oe 0-0: Called Strike
0-1: Swinging Strike
0-2: Strikes out swinging
Batting: RHB Harald Tijl 0-0: Ball
1-0: Called Strike
1-1: Called Strike
1-2: Ball
2-2: Foul Ball, location: 2F
2-2: Ball
3-2: Grounds into double play, 6-4-3 (Groundball, 6, EV 101.9 MPH)
Bottom of the 3rd over - 0 runs, 0 hits, 0 errors, 0 left on base; Yucca Valley 1 - Kingston 6
TOP OF THE 4TH
Yucca Valley Yellows batting - Pitching for Kingston Mangos : RHP Jorge Bigro
Batting: RHB Eric Compton 0-0: Foul Ball, location: 2F
0-1: Called Strike
0-2: Ball
1-2: Ball
2-2: Strikes out swinging
Batting: RHB John Gaudet 0-0: Ball
1-0: Ball
2-0: Called Strike
2-1: Ball
3-1: Called Strike
3-2: Strikes out swinging
Batting: RHB Denny Wolfe 0-0: Ball
1-0: Ball
2-0: Foul Ball, location: 2F
2-1: Swinging Strike
2-2: Fly out, F8 (Line Drive, 8RM, EV 86.9 MPH)
Top of the 4th over - 0 runs, 0 hits, 0 errors, 0 left on base; Yucca Valley 1 - Kingston 6
BOTTOM OF THE 4TH
Kingston Mangos batting - Pitching for Yucca Valley Yellows : RHP Dave Newman
Batting: LHB Rodger Parsons 0-0: Fly out, F5 (Popup, 5SF, EV 81.9 MPH)
Batting: LHB Sergio Rivera 0-0: Foul Ball, location: 2F
0-1: Ball
1-1: Ground out U3 (Groundball, 3, EV 91.9 MPH)
Batting: RHB George Lewis 0-0: Called Strike
0-1: Ball
1-1: Foul Ball, location: 2F
1-2: Ball
2-2: Ball
3-2: SINGLE (Line Drive, 8RS, EV 107.5 MPH)
Batting: RHB Banu Judham 0-0: Ball
1-0: Called Strike
1-1: Ball
2-1: Fly out, F6 (Popup, 15, EV 77.5 MPH)
Bottom of the 4th over - 0 runs, 1 hit, 0 errors, 1 left on base; Yucca Valley 1 - Kingston 6
TOP OF THE 5TH
Yucca Valley Yellows batting - Pitching for Kingston Mangos : RHP Jorge Bigro
Batting: RHB Dave Reynolds 0-0: Fly out, F8 (Flyball, 8RD, EV 100.6 MPH)
Batting: RHB Alfonso Ramos 0-0: Called Strike
0-1: Swinging Strike
0-2: Ground out 6-3 (Groundball, 6M, EV 80.6 MPH)
Batting: LHB Reginald James 0-0: Reached on error, E4 (Groundball, 4, EV 98.1 MPH)
Batting: RHB Jochen Nelis 0-0: Fly out, F8 (Line Drive, 8LD, EV 108.8 MPH)
Top of the 5th over - 0 runs, 0 hits, 1 error, 1 left on base; Yucca Valley 1 - Kingston 6
BOTTOM OF THE 5TH
Kingston Mangos batting - Pitching for Yucca Valley Yellows : RHP Dave Newman
Batting: LHB Jose Asuncion 0-0: Called Strike
0-1: Ball
1-1: Foul Ball, location: 2F
1-2: Foul Ball, location: 2F
1-2: Strikes out swinging
Batting: SHB Miguel Lajara 0-0: Foul Ball, location: 2F
0-1: Fly out, F9 (Flyball, 9S, EV 84.4 MPH)
Batting: RHB Jorge Miralles 0-0: Foul Ball, location: 2F
0-1: Ball
1-1: Ground out 4-3 (Groundball, 4, EV 105.6 MPH)
Bottom of the 5th over - 0 runs, 0 hits, 0 errors, 0 left on base; Yucca Valley 1 - Kingston 6
TOP OF THE 6TH
Yucca Valley Yellows batting - Pitching for Kingston Mangos : RHP Jorge Bigro
Batting: LHB Tony San Pedro 0-0: Ground out 4-3 (Groundball, 34D, EV 87.5 MPH)
Batting: LHB Dan Knight 0-0: Called Strike
0-1: Foul Ball, location: 2F
0-2: Ball
1-2: Ball
2-2: Ball
3-2: DOUBLE (Line Drive, 78XD, EV 106.9 MPH)
Batting: RHB Eric Compton 0-0: Ball
1-0: DOUBLE (Line Drive, 9LM, EV 94.4 MPH)
Dan Knight scores
Batting: RHB John Gaudet 0-0: Called Strike
0-1: Called Strike
0-2: Foul Ball, location: 2F
0-2: Foul Ball, location: 2F
0-2: Strikes out swinging
Batting: RHB Denny Wolfe 0-0: Called Strike
0-1: Ball
1-1: Foul Ball, location: 2F
1-2: Strikes out swinging
Top of the 6th over - 1 run, 2 hits, 0 errors, 1 left on base; Yucca Valley 2 - Kingston 6
BOTTOM OF THE 6TH
Kingston Mangos batting - Pitching for Yucca Valley Yellows : RHP Dave Newman
Batting: LHB Dong-min Ch'oe 0-0: Called Strike
0-1: Ball
1-1: Called Strike
1-2: Ground out 1-3 (Groundball, 15S, EV 74.4 MPH)
Batting: RHB Harald Tijl 0-0: Ball
1-0: Foul Ball, location: 2F
1-1: Foul Ball, location: 2F
1-2: Ground out 5-3 (Groundball, 56S, EV 91.2 MPH)
Batting: LHB Rodger Parsons 0-0: Ground out U3 (Groundball, 3L, EV 87.5 MPH)
Bottom of the 6th over - 0 runs, 0 hits, 0 errors, 0 left on base; Yucca Valley 2 - Kingston 6
TOP OF THE 7TH
Yucca Valley Yellows batting - Pitching for Kingston Mangos : RHP Jorge Bigro
Batting: RHB Dave Reynolds 0-0: Fly out, F9 (Flyball, 9S, EV 78.8 MPH)
Pitching: RHP Jean Mercier
Batting: RHB Alfonso Ramos 0-0: Ball
1-0: Swinging Strike
1-1: Foul Ball, location: 2F
1-2: Strikes out swinging
Batting: LHB Reginald James 0-0: Swinging Strike
0-1: Called Strike
0-2: Ball
1-2: Ball
2-2: Foul Ball, location: 2F
2-2: Foul Ball, location: 2F
2-2: Strikes out swinging
Top of the 7th over - 0 runs, 0 hits, 0 errors, 0 left on base; Yucca Valley 2 - Kingston 6
BOTTOM OF THE 7TH
Kingston Mangos batting - Pitching for Yucca Valley Yellows : RHP Dave Newman
Batting: LHB Sergio Rivera 0-0: Called Strike
0-1: Ball
1-1: Ball
2-1: Foul Ball, location: 2F
2-2: Ball
3-2: Foul Ball, location: 2F
3-2: Strikes out swinging
Batting: RHB George Lewis 0-0: Ball
1-0: Ball
2-0: Ground out 4-3 (Groundball, 4, EV 82.5 MPH)
Batting: RHB Banu Judham 0-0: Called Strike
0-1: Ball
1-1: Swinging Strike
1-2: Strikes out swinging
Bottom of the 7th over - 0 runs, 0 hits, 0 errors, 0 left on base; Yucca Valley 2 - Kingston 6
TOP OF THE 8TH
Yucca Valley Yellows batting - Pitching for Kingston Mangos : RHP Jean Mercier
Now in CF: Bob Byrd
Batting: RHB Jochen Nelis 0-0: SINGLE (Line Drive, 8RS, EV 99.4 MPH)
Batting: LHB Tony San Pedro 0-0: Swinging Strike
0-1: Ball
1-1: Ball
2-1: DOUBLE (Line Drive, 78D, EV 106.2 MPH)
Jochen Nelis to third
Runner from 3rd tries for Home, SAFE, no throw by CF
Batting: LHB Dan Knight 0-0: Ball
1-0: Called Strike
1-1: Swinging Strike
1-2: Strikes out looking
Pitching: RHP Alfonso Medina
Batting: RHB Eric Compton 0-0: Ball
1-0: Ball
2-0: Foul Ball, location: 2F
2-1: Ball
3-1: Called Strike
3-2: Base on Balls
Batting: RHB John Gaudet 0-0: TRIPLE (Flyball, 9LD, EV 105.6 MPH)
Tony San Pedro scores
Eric Compton scores
Batting: RHB Denny Wolfe 0-0: Fly out, F4 (Popup, 4S, EV 77.5 MPH)
Batting: RHB Dave Reynolds 0-0: Ball
1-0: Swinging Strike
1-1: Ball
2-1: Foul Ball, location: 2F
2-2: Ball
3-2: Base on Balls
Batting: RHB Alfonso Ramos 0-0: Called Strike
0-1: Called Strike
0-2: Ball
1-2: Ball
2-2: Ball
3-2: Base on Balls
Dave Reynolds to second
Batting: LHB Reginald James 0-0: Ball
1-0: Ball
2-0: Swinging Strike
2-1: Ball
3-1: Swinging Strike
3-2: Strikes out looking
Top of the 8th over - 3 runs, 3 hits, 0 errors, 3 left on base; Yucca Valley 5 - Kingston 6
BOTTOM OF THE 8TH
Kingston Mangos batting - Pitching for Yucca Valley Yellows : RHP Dave Newman
Batting: LHB Jose Asuncion 0-0: Swinging Strike
0-1: Ball
1-1: Called Strike
1-2: Foul Ball, location: 2F
1-2: Strikes out swinging
Pitching: RHP Graviel Azevedo
Batting: SHB Miguel Lajara 0-0: Ball
1-0: SOLO HOME RUN (Flyball, 89XD, EV 103.1 MPH), Distance : 421 ft
Batting: RHB Jorge Miralles 0-0: Ball
1-0: Ground out 4-3 (Groundball, 4, EV 100.0 MPH)
Batting: LHB Dong-min Ch'oe 0-0: Ball
1-0: Ball
2-0: Ball
3-0: Called Strike
3-1: Base on Balls
Batting: RHB Harald Tijl 0-0: Called Strike
0-1: Fly out, F6 (Line Drive, 6, EV 73.8 MPH)
Bottom of the 8th over - 1 run, 1 hit, 0 errors, 1 left on base; Yucca Valley 5 - Kingston 7
TOP OF THE 9TH
Yucca Valley Yellows batting - Pitching for Kingston Mangos : RHP Alfonso Medina
Pitching: RHP Jonathan Cooper
Batting: RHB Jochen Nelis 0-0: Called Strike
0-1: Ball
1-1: Foul Ball, location: 2F
1-2: Foul Ball, location: 2F
1-2: Strikes out looking
Batting: LHB Tony San Pedro 0-0: Called Strike
0-1: Ball
1-1: Ball
2-1: Foul Ball, location: 2F
2-2: SOLO HOME RUN (Flyball, 7LD, EV 100.0 MPH), Distance : 350 ft
Batting: LHB Dan Knight 0-0: Ball
1-0: Ball
2-0: Swinging Strike
2-1: Ball
3-1: Foul Ball, location: 2F
3-2: Strikes out swinging
Batting: RHB Eric Compton 0-0: Ball
1-0: Called Strike
1-1: Called Strike
1-2: SOLO HOME RUN (Line Drive, 7D, EV 105.6 MPH), Distance : 428 ft
Batting: RHB John Gaudet 0-0: Called Strike
0-1: Swinging Strike
0-2: Ball
1-2: Strikes out swinging
Top of the 9th over - 2 runs, 2 hits, 0 errors, 0 left on base; Yucca Valley 7 - Kingston 7
BOTTOM OF THE 9TH
Kingston Mangos batting - Pitching for Yucca Valley Yellows : RHP Graviel Azevedo
Batting: LHB Rodger Parsons 0-0: Ball
1-0: Called Strike
1-1: Called Strike
1-2: Ball
2-2: Strikes out swinging
Batting: LHB Sergio Rivera 0-0: Fly out, F7 (Flyball, 7S, EV 71.2 MPH)
Batting: RHB George Lewis 0-0: Swinging Strike
0-1: Called Strike
0-2: Foul Ball, location: 2F
0-2: Ball
1-2: Strikes out looking
Bottom of the 9th over - 0 runs, 0 hits, 0 errors, 0 left on base; Yucca Valley 7 - Kingston 7
TOP OF THE 10TH
Yucca Valley Yellows batting - Pitching for Kingston Mangos : RHP Jonathan Cooper
Batting: RHB Denny Wolfe 0-0: Foul Ball, location: 2F
0-1: Ball
1-1: Ball
2-1: Ground out 5-3 (Groundball, 56S, EV 93.8 MPH)
Batting: RHB Dave Reynolds 0-0: Ball
1-0: Called Strike
1-1: Ball
2-1: Ball
3-1: Foul Ball, location: 2F
3-2: Strikes out looking
Batting: RHB Alfonso Ramos 0-0: Called Strike
0-1: Ball
1-1: Ball
2-1: Foul Ball, location: 2F
2-2: SINGLE (Groundball, 56D, EV 94.4 MPH)
Batting: LHB Reginald James 0-0: Foul Ball, location: 2F
0-1: Foul Ball, location: 2F
0-2: Ball
1-2: Fielders Choice at 2nd, 6-4 (Groundball, 6, EV 103.1 MPH)
Top of the 10th over - 0 runs, 1 hit, 0 errors, 1 left on base; Yucca Valley 7 - Kingston 7
BOTTOM OF THE 10TH
Kingston Mangos batting - Pitching for Yucca Valley Yellows : RHP Graviel Azevedo
Batting: RHB Bob Byrd 0-0: Called Strike
0-1: Ball
1-1: Foul Ball, location: 2F
1-2: Ground out 6-3 (Groundball, 6, EV 93.8 MPH)
Batting: LHB Jose Asuncion 0-0: Ball
1-0: Called Strike
1-1: Foul Ball, location: 2F
1-2: Foul Ball, location: 2F
1-2: Strikes out swinging
Batting: SHB Miguel Lajara 0-0: Called Strike
0-1: Ball
1-1: Ball
2-1: Swinging Strike
2-2: Ball
3-2: Ground out 4-3 (Groundball, 34, EV 76.9 MPH)
Bottom of the 10th over - 0 runs, 0 hits, 0 errors, 0 left on base; Yucca Valley 7 - Kingston 7
TOP OF THE 11TH
Yucca Valley Yellows batting - Pitching for Kingston Mangos : RHP Jonathan Cooper
Pitching: LHP Keith Stinson
Batting: RHB Jochen Nelis 0-0: Ball
1-0: Ball
2-0: Called Strike
2-1: Fly out, F7 (Flyball, 7, EV 96.2 MPH)
Batting: LHB Tony San Pedro 0-0: Called Strike
0-1: Ball
1-1: Foul Ball, location: 2F
1-2: Ball
2-2: Ball
3-2: Strikes out swinging
Batting: LHB Dan Knight 0-0: Ground out 4-3 (Groundball, 4, EV 105.6 MPH)
Top of the 11th over - 0 runs, 0 hits, 0 errors, 0 left on base; Yucca Valley 7 - Kingston 7
BOTTOM OF THE 11TH
Kingston Mangos batting - Pitching for Yucca Valley Yellows : RHP Graviel Azevedo
Batting: RHB Jorge Miralles 0-0: SINGLE (Line Drive, 78S, EV 88.8 MPH)
Batting: LHB Dong-min Ch'oe 0-0: Sac Bunt to 3S - play at second, runner OUT! 3-6
Batting: RHB Harald Tijl 0-0: Ball
1-0: Ball
2-0: Grounds into double play, 6-4-3 (Groundball, 6, EV 84.4 MPH)
Bottom of the 11th over - 0 runs, 1 hit, 0 errors, 0 left on base; Yucca Valley 7 - Kingston 7
TOP OF THE 12TH
Yucca Valley Yellows batting - Pitching for Kingston Mangos : LHP Keith Stinson
Batting: RHB Eric Compton 0-0: Ball
1-0: Ground out 6-3 (Groundball, 6M, EV 106.2 MPH)
Batting: RHB John Gaudet 0-0: Foul Ball, location: 2F
0-1: Ball
1-1: Swinging Strike
1-2: Ground out 4-3 (Groundball, 4, EV 87.5 MPH)
Batting: RHB Denny Wolfe 0-0: Foul Ball, location: 2F
0-1: Foul Ball, location: 2F
0-2: Ball
1-2: Ball
2-2: SINGLE (Groundball, 56S, EV 81.9 MPH) (infield hit)
Pinch Runner at 1st Claudio Corona:
Batting: RHB Dave Reynolds 0-0: Ball
Claudio Corona steals 2nd base (no throw)
1-0: Ball
2-0: Swinging Strike
2-1: Called Strike
2-2: Ball
3-2: Base on Balls
Batting: RHB Alfonso Ramos 0-0: Called Strike
0-1: SINGLE (Line Drive, 8LS, EV 86.2 MPH)
Claudio Corona to third
Dave Reynolds to second
Runner from 3rd tries for Home, SAFE, no throw by CF
Batting: LHB Reginald James 0-0: Ball
1-0: Foul Ball, location: 2F
1-1: Ball
2-1: Called Strike
2-2: Strikes out looking
Top of the 12th over - 1 run, 2 hits, 0 errors, 2 left on base; Yucca Valley 8 - Kingston 7
BOTTOM OF THE 12TH
Kingston Mangos batting - Pitching for Yucca Valley Yellows : RHP Graviel Azevedo
Now at 2B: Claudio Corona
Batting: LHB Rodger Parsons 0-0: Ball
1-0: Foul Ball, location: 2F
1-1: Called Strike
1-2: Ground out 6-3 (Groundball, 6, EV 82.5 MPH)
Batting: LHB Sergio Rivera 0-0: Ball
1-0: Swinging Strike
1-1: Fly out, F7 (Flyball, 7S, EV 84.4 MPH)
Batting: RHB George Lewis 0-0: Ball
1-0: Called Strike
1-1: SINGLE (Groundball, 6MD, EV 100.0 MPH)
Pitching: LHP Zhao-hui Teng
Batting: RHB Bob Byrd 0-0: Ball
1-0: Ball
2-0: Called Strike
2-1: Called Strike
2-2: Strikes out swinging
Bottom of the 12th over - 0 runs, 1 hit, 0 errors, 1 left on base; Yucca Valley 8 - Kingston 7
Friday, March 26th, 2021 - OOTP Baseball 20.8 Build 74